 Dungeon Crawl Stone Soup version 0.29.0-4-gdea44cf6ec (webtiles) character file.

Game seed: 5024807891702081760

9227 qw the Grappler (level 11, -7/105 HPs)
             Began as a Troll Cinder Acolyte on Aug 30, 2022.
             Was an Initiate of Okawaru.
             Mangled by a yak (11 damage)
             ... on level 11 of the Dungeon.
             The game lasted 00:08:08 (9451 turns).

qw the Grappler (Troll Cinder Acolyte)              Turns: 9451, Time: 00:08:09

Health: -7/105     AC:  4    Str: 28    XL:     11   Next: 20%
Magic:  11/11      EV: 11    Int: 10    God:    Okawaru [......]
Gold:   648        SH:  0    Dex: 15    Spells: 12/12 levels left

rFire   . . .      SeeInvis .     - Unarmed
rCold   . . .      Faith    .   (no shield)
rNeg    . . .      Spirit   .   b - +0 robe {Will+}
rPois   +          Reflect  .   (helmet restricted)
rElec   .          Harm     .   (no cloak)
rCorr   .          Rampage  .   (gloves unavailable)
Will    +....                   (boots unavailable)
Stlth   +.........              d - amulet "Sydghiprutu" {RegenMP Fly rF+ Dex+4 Slay-5}
HPRegen 1.07/turn               n - ring of poison resistance
MPRegen 0.52/turn               m - +6 ring of dexterity

@: flying, fire susceptible
A: large, unfitting armour, claws 3, regeneration 1, shaggy fur 1, tough skin 1
a: Renounce Religion


You were on level 11 of the Dungeon.
You worshipped Okawaru.
Okawaru was noncommittal.
You visited 2 branches of the dungeon, and saw 12 of its levels.

You collected 1058 gold pieces.
You spent 410 gold pieces at shops.


Innate Abilities, Weirdness & Mutations

You are too large for most types of armour.
You have claws for hands.
Your natural rate of healing is unusually fast.
You are covered in fur. (AC +1)
You have tough skin. (AC +1)


   Skills:
 - Level 6.0 Fighting
 - Level 6.2 Throwing
 - Level 4.0 Dodging
 + Level 14.1 Unarmed Combat
 - Level 1.0 Spellcasting
 - Level 2.1 Fire Magic


You had 12 spell levels left.
You didn't know any spells.
Your spell library contained the following spells:

 Spells                   Type           Power      Damage    Failure   Level
 Scorch                   Fire           8%         2d5       22%         2

Inventory:

Missiles
 a - 2 silver boomerangs
 e - 4 large rocks (quivered)
 f - 7 boomerangs
Armour
 b - a +0 robe of willpower (worn)
Jewellery
 d - the amulet "Sydghiprutu" (around neck) {RegenMP Fly rF+ Dex+4 Slay-5}
   (You acquired it on level 4 of the Dungeon)

   [amulet of magic regeneration]

   It increases your rate of magic regeneration.
   Dex:       It affects your dexterity (+4).
   Slay:      It affects your accuracy & damage with ranged weapons and melee
   (-5).
   rF:        It protects you from fire.
   Fly:       It grants you flight.
 h - an amulet of regeneration
 m - a +6 ring of dexterity (right claw)
 n - a ring of poison resistance (left claw)
 o - a ring of positive energy
 Y - a ring of protection from fire
Scrolls
 c - a scroll of identify
 i - 2 scrolls of enchant weapon
Potions
 g - a potion of haste
 k - a potion of mutation
 l - 2 potions of curing
 p - a potion of ambrosia {unknown}

Dungeon Overview and Level Annotations

Branches:
Dungeon (12/15)            Temple (1/1) D:6
   Lair: D:8-11         Orc: D:9-12

Altars:
Ashenzari
Elyvilon
Makhleb
Nemelex Xobeh
Okawaru
Sif Muna
Trog
Uskayaw
Vehumet
Xom
Yredelemnul
Zin
The Shining One

Shops:
D:4 (:(?*   D:5 [   D:8 =

Annotations:
D:6 Maggie


Message History

You barely miss the vampire mosquito.
The vampire mosquito is severely damaged.
The vampire mosquito barely misses you. The vampire mosquito bites you!
The vampire mosquito draws strength from your injuries!
The yak gores you but does no damage.
You scratch the vampire mosquito but do no damage.
The vampire mosquito is severely damaged.
The vampire mosquito barely misses you. The vampire mosquito bites you.
The vampire mosquito draws strength from your injuries!
You scratch the vampire mosquito but do no damage.
The vampire mosquito is severely damaged.
The vampire mosquito bites you but does no damage.
The vampire mosquito barely misses you. The yak barely misses you.
The vampire mosquito bites you but does no damage.
The vampire mosquito bites you.
The vampire mosquito draws strength from your injuries!
You mangle the vampire mosquito!!
You destroy the vampire mosquito!
Okawaru accepts your kill. The vampire mosquito bites you!
The vampire mosquito draws strength from your injuries!
The yak gores you!
You claw the yak!
The yak is moderately wounded.
The vampire mosquito closely misses you.
You closely miss the yak.
The yak is moderately wounded.
The vampire mosquito bites you but does no damage.
The yak gores you! x2; The vampire mosquito bites you.
The vampire mosquito draws strength from your injuries!
You scratch the yak. Your claw misses the yak.
The yak is heavily wounded.
The vampire mosquito bites you.
The vampire mosquito draws strength from your injuries!
The yak gores you. The yak closely misses you.
You claw the yak!
The yak is almost dead.
The vampire mosquito completely misses you.
The vampire mosquito barely misses you. The yak gores you!
You die...

### ....
.....
###Y.....
#@yY.#
#YYY.#
#Y.......
#....####
#....#
######


You could see 6 yaks and a vampire mosquito.

Vanquished Creatures
  Kirke (D:12)
  Pikel (D:7)
  Joseph (D:8)
  A hornet (D:8)
  Sigmund (D:6)
  3 hogs (D:12)
  7 yaks
  A wyvern (D:8)
  A steam dragon (D:8)
  A vampire mosquito (D:11)
  Edmund (D:5)
  Menkaure (D:6)
  5 water moccasins
  An acid dragon (D:8)
  5 ice beasts
  3 orc warriors
  2 black bears (D:4)
  4 sky beasts
  An ogre (D:5)
  A centaur (D:8)
  A lemure (D:7)
  A phantom (D:6)
  3 kobold brigands
  4 bullfrogs
  3 necrophages (D:6)
  A scorpion (D:6)
  5 wights (D:7)
  10 killer bees (D:8)
  A howler monkey (D:5)
  A bullfrog zombie (D:4)
  6 hounds
  3 jellies
  3 orc priests (D:8)
  3 gnoll boudas
  A scorpion zombie (D:4)
  3 iguanas
  6 orc wizards
  A hound zombie (D:4)
  A howler monkey zombie (D:4)
  38 gnolls
  13 adders
  2 shadow imps
  2 white imps (D:8)
  An ufetubus (D:5)
  4 worms
  A dart slug (D:3)
  55 orcs
  A bat (D:3)
  5 endoplasms
  A giant cockroach (D:2)
  5 goblins
  4 hobgoblins
  20 jackals
  15 kobolds
  7 quokkas
  6 ball pythons
  5 frilled lizards
  5 rats (D:3)
289 creatures vanquished.

Vanquished Creatures (others)
  An orc wizard (D:8)
  4 toadstools (D:8)
5 creatures vanquished.

Grand Total: 294 creatures vanquished

Notes
Turn   | Place    | Note
-------+----------+-------------------------------------------
     0 | D:1      | qw the Troll Cinder Acolyte began the quest for the Orb.
     0 | D:1      | Reached XP level 1. HP: 22/22 MP: 1/1
     0 | D:1      | 0 ||| qw: Version: 0.1-a-95-gae9e614
     0 | D:1      | 0 ||| qw: Game counter: 4423
     0 | D:1      | 0 ||| qw: Always use a shield: true
     0 | D:1      | 0 ||| qw: God list: Okawaru
     0 | D:1      | 0 ||| qw: Allow faded altars: false
     0 | D:1      | 0 ||| qw: Do Orc after D:15 true
     0 | D:1      | 0 ||| qw: Do second Lair branch before Depths: true
     0 | D:1      | 0 ||| qw: Lair rune preference: random
     0 | D:1      | 0 ||| qw: Plans: Normal
     0 | D:1      | 0 ||| PLANNING D:1-11
   283 | D:1      | Reached skill level 1 in Throwing
   342 | D:1      | Reached XP level 2. HP: 29/29 MP: 2/2
   680 | D:1      | 680 ||| UPGRADING to amulet of regeneration.
   685 | D:1      | 685 ||| UPGRADING to ring of positive energy.
   686 | D:1      | 686 ||| READING 3 scrolls labelled YSOEDE IQOWUAMN.
   687 | D:1      | 687 ||| READING 2 scrolls labelled KEOHEA YNEAPONT.
   692 | D:1      | 692 ||| READING scroll labelled WOUSIN XIFFEA.
   693 | D:1      | 693 ||| READING scroll labelled KAXTUST YLOTO.
   694 | D:1      | 694 ||| DROPPING 2 scrolls of blinking.
   736 | D:2      | 736 ||| Stepping ~*~*~tactically~*~*~ (stealth).
   794 | D:2      | Reached skill level 4 in Unarmed Combat
   794 | D:2      | Reached XP level 3. HP: 32/36 MP: 3/3
  1052 | D:2      | Found a faded altar of an unknown god.
  1168 | D:2      | 1168 ||| Stepping ~*~*~tactically~*~*~ (stealth).
  1372 | D:2      | Reached XP level 4. HP: 44/44 MP: 4/4
  1573 | D:2      | 1573 ||| UPGRADING to +6 ring of dexterity.
  1574 | D:2      | 1574 ||| DRINKING 2 glowing dark potions.
  1575 | D:2      | 1575 ||| READING 2 scrolls of identify.
  1575 | D:2      | 1575 ||| IDENTIFYING golden potion
  1576 | D:2      | 1576 ||| DROPPING potion of brilliance.
  1603 | D:3      | 1603 ||| Stepping ~*~*~tactically~*~*~ (stealth).
  1687 | D:3      | 1687 ||| Stepping ~*~*~tactically~*~*~ (stealth).
  1688 | D:3      | 1688 ||| Stepping ~*~*~tactically~*~*~ (stealth).
  2243 | D:3      | Reached skill level 5 in Unarmed Combat
  2261 | D:3      | Found a radiant altar of Vehumet.
  2261 | D:3      | Found a shimmering blue altar of Sif Muna.
  2271 | D:3      | 2271 ||| DROPPING +6 ring of intelligence.
  2272 | D:3      | 2272 ||| READING 3 scrolls labelled XUXIAT ISOENN.
  2273 | D:3      | 2273 ||| DROPPING 2 scrolls of butterflies.
  2321 | D:4      | Found Luytoo's Magic Scroll Emporium.
  2325 | D:4      | 2325 ||| BUYING scroll of enchant weapon (97 gold).
  2325 | D:4      | Bought a scroll of enchant weapon for 97 gold pieces
  2325 | D:4      | 2325 ||| SHOPLISTING scroll of enchant weapon (97 gold,
                  | have 6).
  2325 | D:4      | 2325 ||| SHOPLISTING scroll of teleportation (39 gold, have
                  | 6).
  2328 | D:4      | 2328 ||| Stepping ~*~*~tactically~*~*~ (stealth).
  2329 | D:4      | 2329 ||| Stepping ~*~*~tactically~*~*~ (stealth).
  2331 | D:4      | 2331 ||| Stepping ~*~*~tactically~*~*~ (stealth).
  2334 | D:4      | 2334 ||| Stepping ~*~*~tactically~*~*~ (stealth).
  2335 | D:4      | 2335 ||| Stepping ~*~*~tactically~*~*~ (stealth).
  2339 | D:4      | 2339 ||| INVOKING Fiery Armour.
  2341 | D:4      | Reached skill level 1 in Dodging
  2344 | D:4      | Reached XP level 5. HP: 50/50 MP: 5/5
  2366 | D:4      | 2366 ||| Stepping ~*~*~tactically~*~*~ (stealth).
  2369 | D:4      | 2369 ||| Stepping ~*~*~tactically~*~*~ (stealth).
  2375 | D:4      | 2375 ||| Stepping ~*~*~tactically~*~*~ (outnumbered).
  2382 | D:4      | 2382 ||| Stepping ~*~*~tactically~*~*~ (stealth).
  2412 | D:4      | 2412 ||| Stepping ~*~*~tactically~*~*~ (stealth).
  2439 | D:4      | 2439 ||| Stepping ~*~*~tactically~*~*~ (stealth).
  2442 | D:4      | Noticed a black bear
  2448 | D:4      | 2448 ||| Stepping ~*~*~tactically~*~*~ (stealth).
  2453 | D:4      | Killed a black bear
  2454 | D:4      | Reached skill level 6 in Unarmed Combat
  2454 | D:4      | Reached XP level 6. HP: 58/59 MP: 6/6
  2457 | D:4      | 2457 ||| Stepping ~*~*~tactically~*~*~ (stealth).
  2457 | D:4      | Found Giafueh's Weapon Boutique.
  2458 | D:4      | 2458 ||| Stepping ~*~*~tactically~*~*~ (stealth).
  2459 | D:4      | 2459 ||| INVOKING Fiery Armour.
  2462 | D:4      | 2462 ||| Stepping ~*~*~tactically~*~*~ (outnumbered).
  2478 | D:4      | Found a bloodstained altar of Trog.
  2533 | D:4      | Found Dotistiz's Weapon Emporium.
  2607 | D:4      | Found Kacrer's Book Emporium.
  2732 | D:4      | Found Vatad's General Store.
  2735 | D:4      | 2735 ||| SHOPLISTING potion of cancellation (88 gold, have
                  | 56).
  2735 | D:4      | 2735 ||| BUYING scroll of teleportation (33 gold).
  2735 | D:4      | Bought a scroll of teleportation for 33 gold pieces
  2735 | D:4      | 2735 ||| SHOPLISTING scroll of teleportation (33 gold, have
                  | 23).
  2841 | D:4      | 2841 ||| Stepping ~*~*~tactically~*~*~ (stealth).
  2894 | D:4      | 2894 ||| Stepping ~*~*~tactically~*~*~ (outnumbered).
  2897 | D:4      | Reached skill level 7 in Unarmed Combat
  2900 | D:4      | Found a basalt altar of Yredelemnul.
  2961 | D:4      | 2961 ||| Stepping ~*~*~tactically~*~*~ (stealth).
  2963 | D:4      | 2963 ||| Stepping ~*~*~tactically~*~*~ (hiding).
  2964 | D:4      | 2964 ||| Stepping ~*~*~tactically~*~*~ (hiding).
  3045 | D:4      | 3045 ||| Stepping ~*~*~tactically~*~*~ (stealth).
  3046 | D:4      | 3046 ||| Stepping ~*~*~tactically~*~*~ (stealth).
  3052 | D:4      | Reached XP level 7. HP: 64/66 MP: 7/7
  3221 | D:4      | 3221 ||| Stepping ~*~*~tactically~*~*~ (stealth).
  3255 | D:4      | 3255 ||| DROPPING orb of wrath.
  3256 | D:4      | 3256 ||| READING scroll labelled RIMUBB QULYSEPS.
  3283 | D:5      | Entered Level 5 of the Dungeon
  3285 | D:5      | Noticed Edmund
  3286 | D:5      | 3286 ||| Stepping ~*~*~tactically~*~*~ (stealth).
  3288 | D:5      | 3288 ||| Stepping ~*~*~tactically~*~*~ (stealth).
  3289 | D:5      | 3289 ||| Stepping ~*~*~tactically~*~*~ (stealth).
  3292 | D:5      | 3292 ||| Stepping ~*~*~tactically~*~*~ (stealth).
  3293 | D:5      | 3293 ||| Stepping ~*~*~tactically~*~*~ (outnumbered).
  3298 | D:5      | 3298 ||| INVOKING Fiery Armour.
  3308 | D:5      | Reached skill level 8 in Unarmed Combat
  3308 | D:5      | Killed Edmund
  3309 | D:5      | Reached skill level 3 in Fighting
  3388 | D:5      | Reached skill level 3 in Throwing
  3410 | D:5      | Found Jig Hikat's Armour Emporium.
  3430 | D:5      | Found an iron altar of Okawaru.
  3570 | D:5      | Found a glowing golden altar of the Shining One.
  3570 | D:5      | Found a glowing silver altar of Zin.
  3570 | D:5      | Found a white marble altar of Elyvilon.
  3602 | D:5      | Reached XP level 8. HP: 75/75 MP: 8/8
  3652 | D:5      | 3652 ||| Stepping ~*~*~tactically~*~*~ (stealth).
  3671 | D:5      | 3671 ||| Stepping ~*~*~tactically~*~*~ (stealth).
  3672 | D:5      | 3672 ||| Stepping ~*~*~tactically~*~*~ (stealth).
  3676 | D:5      | 3676 ||| Stepping ~*~*~tactically~*~*~ (stealth).
  3749 | D:5      | 3749 ||| INVOKING Fiery Armour.
  3753 | D:5      | Reached skill level 9 in Unarmed Combat
  3764 | D:5      | 3764 ||| Stepping ~*~*~tactically~*~*~ (outnumbered).
  3766 | D:5      | 3766 ||| Stepping ~*~*~tactically~*~*~ (outnumbered).
  3772 | D:5      | 3772 ||| Stepping ~*~*~tactically~*~*~ (outnumbered).
  3822 | D:5      | 3822 ||| Stepping ~*~*~tactically~*~*~ (stealth).
  4127 | D:5      | 4127 ||| Stepping ~*~*~tactically~*~*~ (hiding).
  4130 | D:5      | Reached skill level 10 in Unarmed Combat
  4135 | D:5      | 4135 ||| Stepping ~*~*~tactically~*~*~ (stealth).
  4139 | D:5      | 4139 ||| Stepping ~*~*~tactically~*~*~ (outnumbered).
  4153 | D:5      | 4153 ||| Stepping ~*~*~tactically~*~*~ (hiding).
  4155 | D:5      | 4155 ||| Stepping ~*~*~tactically~*~*~ (hiding).
  4156 | D:5      | 4156 ||| Stepping ~*~*~tactically~*~*~ (hiding).
  4165 | D:5      | 4165 ||| Stepping ~*~*~tactically~*~*~ (stealth).
  4191 | D:5      | 4191 ||| Stepping ~*~*~tactically~*~*~ (stealth).
  4192 | D:5      | 4192 ||| FLEEEEING.
  4193 | D:5      | 4193 ||| FLEEEEING.
  4194 | D:5      | 4194 ||| FLEEEEING.
  4195 | D:5      | 4195 ||| FLEEEEING.
  4196 | D:5      | 4196 ||| FLEEEEING.
  4197 | D:5      | 4197 ||| FLEEEEING.
  4198 | D:5      | 4198 ||| FLEEEEING.
  4199 | D:5      | 4199 ||| FLEEEEING.
  4205 | D:5      | 4205 ||| Stepping ~*~*~tactically~*~*~ (outnumbered).
  4206 | D:5      | 4206 ||| Stepping ~*~*~tactically~*~*~ (outnumbered).
  4207 | D:5      | 4207 ||| Stepping ~*~*~tactically~*~*~ (outnumbered).
  4208 | D:5      | 4208 ||| Stepping ~*~*~tactically~*~*~ (outnumbered).
  4209 | D:5      | 4209 ||| Stepping ~*~*~tactically~*~*~ (outnumbered).
  4210 | D:5      | 4210 ||| Stepping ~*~*~tactically~*~*~ (outnumbered).
  4211 | D:5      | 4211 ||| Stepping ~*~*~tactically~*~*~ (outnumbered).
  4212 | D:5      | 4212 ||| Stepping ~*~*~tactically~*~*~ (outnumbered).
  4213 | D:5      | 4213 ||| STAIRDANCE
  4215 | D:4      | 4215 ||| Stepping ~*~*~tactically~*~*~ (outnumbered).
  4216 | D:4      | 4216 ||| Stepping ~*~*~tactically~*~*~ (outnumbered).
  4219 | D:4      | 4219 ||| UPGRADING to ring of protection from fire.
  4221 | D:4      | 4221 ||| READING scroll labelled WYUM CODOUMETA.
  4221 | D:4      | Identified a scroll of acquirement
  4221 | D:4      | 4221 ||| ACQUIRING amulet "Sydghiprutu" {RegenMP Fly rF+
                  | Dex+4 Slay-5}
  4221 | D:4      | Acquired the amulet "Sydghiprutu" {RegenMP Fly rF+ Dex+4
                  | Slay-5}
  4223 | D:4      | 4223 ||| UPGRADING to amulet "Sydghiprutu" {RegenMP Fly rF+
                  | Dex+4 Slay-5}.
  4233 | D:4      | 4233 ||| DRINKING 2 inky potions.
  4234 | D:4      | 4234 ||| READING 5 scrolls of identify.
  4234 | D:4      | 4234 ||| IDENTIFYING glowing pink potion
  4235 | D:4      | 4235 ||| READING 4 scrolls of identify.
  4235 | D:4      | 4235 ||| IDENTIFYING purple potion
  4236 | D:4      | 4236 ||| READING 3 scrolls of identify.
  4236 | D:4      | 4236 ||| IDENTIFYING lumpy silvery potion
  4237 | D:4      | 4237 ||| READING 2 scrolls of identify.
  4237 | D:4      | 4237 ||| IDENTIFYING metallic coppery potion
  4238 | D:4      | 4238 ||| DROPPING potion of berserk rage.
  4239 | D:4      | 4239 ||| DROPPING potion of magic.
  4240 | D:4      | 4240 ||| DROPPING potion of attraction.
  4299 | D:5      | 4299 ||| Stepping ~*~*~tactically~*~*~ (stealth).
  4300 | D:5      | 4300 ||| Stepping ~*~*~tactically~*~*~ (stealth).
  4301 | D:5      | 4301 ||| Stepping ~*~*~tactically~*~*~ (hiding).
  4302 | D:5      | 4302 ||| Stepping ~*~*~tactically~*~*~ (stealth).
  4310 | D:5      | 4310 ||| FLEEEEING.
  4311 | D:5      | 4311 ||| FLEEEEING.
  4312 | D:5      | 4312 ||| FLEEEEING.
  4317 | D:5      | 4317 ||| Stepping ~*~*~tactically~*~*~ (outnumbered).
  4318 | D:5      | 4318 ||| Stepping ~*~*~tactically~*~*~ (outnumbered).
  4319 | D:5      | 4319 ||| Stepping ~*~*~tactically~*~*~ (outnumbered).
  4320 | D:5      | 4320 ||| Stepping ~*~*~tactically~*~*~ (outnumbered).
  4321 | D:5      | 4321 ||| Stepping ~*~*~tactically~*~*~ (outnumbered).
  4323 | D:5      | 4323 ||| Stepping ~*~*~tactically~*~*~ (outnumbered).
  4326 | D:5      | 4326 ||| Stepping ~*~*~tactically~*~*~ (outnumbered).
  4327 | D:5      | 4327 ||| FLEEEEING.
  4328 | D:5      | 4328 ||| FLEEEEING.
  4329 | D:5      | 4329 ||| FLEEEEING.
  4330 | D:5      | 4330 ||| FLEEEEING.
  4331 | D:5      | 4331 ||| FLEEEEING.
  4332 | D:5      | 4332 ||| FLEEEEING.
  4333 | D:5      | 4333 ||| FLEEEEING.
  4334 | D:5      | 4334 ||| FLEEEEING.
  4335 | D:5      | 4335 ||| FLEEEEING.
  4336 | D:5      | 4336 ||| FLEEEEING.
  4337 | D:5      | 4337 ||| FLEEEEING.
  4338 | D:5      | 4338 ||| FLEEEEING.
  4339 | D:5      | 4339 ||| FLEEEEING.
  4340 | D:5      | 4340 ||| FLEEEEING.
  4341 | D:5      | 4341 ||| FLEEEEING.
  4342 | D:5      | 4342 ||| FLEEEEING.
  4343 | D:5      | 4343 ||| FLEEEEING.
  4396 | D:5      | 4396 ||| Stepping ~*~*~tactically~*~*~ (stealth).
  4397 | D:5      | 4397 ||| Stepping ~*~*~tactically~*~*~ (stealth).
  4399 | D:5      | 4399 ||| Stepping ~*~*~tactically~*~*~ (stealth).
  4410 | D:5      | 4410 ||| Stepping ~*~*~tactically~*~*~ (stealth).
  4512 | D:5      | 4512 ||| Stepping ~*~*~tactically~*~*~ (hiding).
  4679 | D:5      | 4679 ||| INVOKING Fiery Armour.
  4884 | D:6      | 4884 ||| Stepping ~*~*~tactically~*~*~ (stealth).
  4885 | D:6      | 4885 ||| Stepping ~*~*~tactically~*~*~ (stealth).
  4887 | D:6      | 4887 ||| Stepping ~*~*~tactically~*~*~ (stealth).
  4888 | D:6      | 4888 ||| Stepping ~*~*~tactically~*~*~ (stealth).
  4899 | D:6      | 4899 ||| Stepping ~*~*~tactically~*~*~ (outnumbered).
  4900 | D:6      | 4900 ||| Stepping ~*~*~tactically~*~*~ (outnumbered).
  4901 | D:6      | 4901 ||| Stepping ~*~*~tactically~*~*~ (outnumbered).
  4902 | D:6      | 4902 ||| Stepping ~*~*~tactically~*~*~ (outnumbered).
  4903 | D:6      | 4903 ||| Stepping ~*~*~tactically~*~*~ (outnumbered).
  4904 | D:6      | 4904 ||| Stepping ~*~*~tactically~*~*~ (outnumbered).
  4905 | D:6      | 4905 ||| Stepping ~*~*~tactically~*~*~ (outnumbered).
  4906 | D:6      | 4906 ||| Stepping ~*~*~tactically~*~*~ (outnumbered).
  4907 | D:6      | 4907 ||| Stepping ~*~*~tactically~*~*~ (outnumbered).
  4908 | D:6      | 4908 ||| Stepping ~*~*~tactically~*~*~ (outnumbered).
  4909 | D:6      | 4909 ||| Stepping ~*~*~tactically~*~*~ (outnumbered).
  4910 | D:6      | 4910 ||| Stepping ~*~*~tactically~*~*~ (outnumbered).
  4911 | D:6      | 4911 ||| Stepping ~*~*~tactically~*~*~ (outnumbered).
  4912 | D:6      | 4912 ||| Stepping ~*~*~tactically~*~*~ (outnumbered).
  4913 | D:6      | 4913 ||| Stepping ~*~*~tactically~*~*~ (outnumbered).
  4914 | D:6      | 4914 ||| Stepping ~*~*~tactically~*~*~ (outnumbered).
  4915 | D:6      | 4915 ||| Stepping ~*~*~tactically~*~*~ (outnumbered).
  4916 | D:6      | 4916 ||| Stepping ~*~*~tactically~*~*~ (outnumbered).
  4917 | D:6      | 4917 ||| Stepping ~*~*~tactically~*~*~ (hiding).
  4918 | D:6      | 4918 ||| Stepping ~*~*~tactically~*~*~ (hiding).
  4919 | D:6      | 4919 ||| Stepping ~*~*~tactically~*~*~ (hiding).
  4922 | D:6      | 4922 ||| Stepping ~*~*~tactically~*~*~ (outnumbered).
  4924 | D:6      | 4924 ||| Stepping ~*~*~tactically~*~*~ (outnumbered).
  4925 | D:6      | 4925 ||| Stepping ~*~*~tactically~*~*~ (outnumbered).
  4928 | D:6      | 4928 ||| Stepping ~*~*~tactically~*~*~ (outnumbered).
  4930 | D:6      | 4930 ||| Stepping ~*~*~tactically~*~*~ (outnumbered).
  4931 | D:6      | 4931 ||| INVOKING Fiery Armour.
  4932 | D:6      | Reached XP level 9. HP: 29/84 MP: 9/9
  4932 | D:6      | 4932 ||| Stepping ~*~*~tactically~*~*~ (outnumbered).
  4933 | D:6      | 4933 ||| Stepping ~*~*~tactically~*~*~ (outnumbered).
  4934 | D:6      | 4934 ||| Stepping ~*~*~tactically~*~*~ (outnumbered).
  4934 | D:6      | HP: 21/84 [poisoned by a water moccasin]
  4935 | D:6      | 4935 ||| READING 4 scrolls of teleportation.
  4936 | D:6      | 4936 ||| DRINKING 2 potions of heal wounds.
  4940 | D:6      | Noticed Maggie
  4948 | D:6      | HP: 15/81 [Maggie/+2 scimitar of draining (7)]
  4949 | D:6      | 4949 ||| READING 3 scrolls of teleportation.
  4950 | D:6      | 4950 ||| DRINKING potion of heal wounds.
  5017 | D:6      | Found a sparkling altar of Nemelex Xobeh.
  5093 | D:6      | Noticed Sigmund
  5095 | D:6      | 5095 ||| Stepping ~*~*~tactically~*~*~ (hiding).
  5107 | D:6      | Killed Sigmund
  5108 | D:6      | Reached skill level 11 in Unarmed Combat
  5400 | D:6      | Reached skill level 3 in Dodging
  5431 | D:6      | Noticed Menkaure
  5432 | D:6      | 5432 ||| Stepping ~*~*~tactically~*~*~ (hiding).
  5434 | D:6      | 5434 ||| Stepping ~*~*~tactically~*~*~ (hiding).
  5435 | D:6      | 5435 ||| Stepping ~*~*~tactically~*~*~ (hiding).
  5443 | D:6      | Killed Menkaure
  5674 | D:6      | Found a staircase to the Ecumenical Temple.
  5857 | D:6      | 5857 ||| UPGRADING to +0 robe of willpower.
  5867 | D:6      | 5867 ||| DROPPING +0 robe.
  5868 | D:6      | 5868 ||| DROPPING orb of energy.
  5869 | D:6      | 5869 ||| READING 2 scrolls of identify.
  5869 | D:6      | 5869 ||| IDENTIFYING bubbling golden potion
  6176 | D:7      | 6176 ||| Stepping ~*~*~tactically~*~*~ (outnumbered).
  6180 | D:7      | 6180 ||| INVOKING Fiery Armour.
  6183 | D:7      | Reached skill level 12 in Unarmed Combat
  6336 | D:7      | Found a burning altar of Makhleb.
  6408 | D:7      | 6408 ||| Stepping ~*~*~tactically~*~*~ (hiding).
  6409 | D:7      | 6409 ||| Stepping ~*~*~tactically~*~*~ (stealth).
  6525 | D:7      | 6525 ||| FLEEEEING.
  6526 | D:7      | 6526 ||| FLEEEEING.
  6527 | D:7      | 6527 ||| FLEEEEING.
  6528 | D:7      | 6528 ||| FLEEEEING.
  6529 | D:7      | 6529 ||| FLEEEEING.
  6530 | D:7      | 6530 ||| FLEEEEING.
  6531 | D:7      | 6531 ||| FLEEEEING.
  6532 | D:7      | 6532 ||| FLEEEEING.
  6533 | D:7      | 6533 ||| FLEEEEING.
  6534 | D:7      | 6534 ||| FLEEEEING.
  6535 | D:7      | 6535 ||| FLEEEEING.
  6536 | D:7      | 6536 ||| FLEEEEING.
  6539 | D:7      | Reached XP level 10. HP: 90/96 MP: 10/10
  6642 | D:7      | 6642 ||| Stepping ~*~*~tactically~*~*~ (outnumbered).
  6652 | D:7      | 6652 ||| INVOKING Fiery Armour.
  6659 | D:7      | 6659 ||| FLEEEEING.
  6660 | D:7      | 6660 ||| FLEEEEING.
  6684 | D:7      | 6684 ||| FLEEEEING.
  6685 | D:7      | 6685 ||| STAIRDANCE
  6715 | D:6      | 6715 ||| READING scroll labelled ONNIUK DOLODOA.
  6716 | D:6      | 6716 ||| READING scroll labelled BETEBA NEZA.
  6726 | D:7      | 6726 ||| Stepping ~*~*~tactically~*~*~ (stealth).
  6727 | D:7      | 6727 ||| Stepping ~*~*~tactically~*~*~ (stealth).
  6728 | D:7      | 6728 ||| Stepping ~*~*~tactically~*~*~ (stealth).
  6775 | D:7      | Found a broken altar of Ashenzari.
  6780 | D:7      | Noticed Pikel
  6799 | D:7      | Killed Pikel
  7024 | D:8      | 7024 ||| READING 3 scrolls of teleportation.
  7037 | D:8      | 7037 ||| READING 2 scrolls of teleportation.
  7049 | D:8      | 7049 ||| Stepping ~*~*~tactically~*~*~ (stealth).
  7056 | D:8      | 7056 ||| Stepping ~*~*~tactically~*~*~ (outnumbered).
  7057 | D:8      | 7057 ||| Stepping ~*~*~tactically~*~*~ (outnumbered).
  7061 | D:8      | Noticed Joseph
  7074 | D:8      | 7074 ||| INVOKING Fiery Armour.
  7078 | D:8      | HP: 20/82 [Joseph/+0 quarterstaff of draining (4)]
  7079 | D:8      | 7079 ||| READING scroll of teleportation.
  7080 | D:8      | Killed Joseph
  7195 | D:8      | 7195 ||| READING scroll of teleportation.
  7296 | D:8      | Reached skill level 13 in Unarmed Combat
  7300 | D:8      | 7300 ||| Stepping ~*~*~tactically~*~*~ (outnumbered).
  7301 | D:8      | 7301 ||| Stepping ~*~*~tactically~*~*~ (outnumbered).
  7302 | D:8      | 7302 ||| Stepping ~*~*~tactically~*~*~ (outnumbered).
  7303 | D:8      | 7303 ||| Stepping ~*~*~tactically~*~*~ (outnumbered).
  7381 | D:8      | Found Qonag's Jewellery Emporium.
  7383 | D:8      | 7383 ||| Stepping ~*~*~tactically~*~*~ (hiding).
  7485 | D:8      | 7485 ||| READING 2 scrolls of identify.
  7485 | D:8      | 7485 ||| IDENTIFYING fuming orange potion
  7486 | D:8      | 7486 ||| Stepping ~*~*~tactically~*~*~ (hiding).
  7487 | D:8      | 7487 ||| Stepping ~*~*~tactically~*~*~ (hiding).
  7492 | D:8      | 7492 ||| Stepping ~*~*~tactically~*~*~ (outnumbered).
  7494 | D:8      | 7494 ||| Stepping ~*~*~tactically~*~*~ (outnumbered).
  7495 | D:8      | 7495 ||| INVOKING Fiery Armour.
  7496 | D:8      | 7496 ||| Stepping ~*~*~tactically~*~*~ (outnumbered).
  7497 | D:8      | 7497 ||| Stepping ~*~*~tactically~*~*~ (outnumbered).
  7498 | D:8      | 7498 ||| Stepping ~*~*~tactically~*~*~ (outnumbered).
  7499 | D:8      | 7499 ||| Stepping ~*~*~tactically~*~*~ (outnumbered).
  7518 | D:8      | 7518 ||| Stepping ~*~*~tactically~*~*~ (stealth).
  7522 | D:8      | 7522 ||| Stepping ~*~*~tactically~*~*~ (stealth).
  7550 | D:8      | 7550 ||| SHOPLISTING +4 ring of evasion (504 gold, have
                  | 323).
  7550 | D:8      | 7550 ||| SHOPLISTING +4 ring of protection (504 gold, have
                  | 323).
  7550 | D:8      | 7550 ||| SHOPLISTING ring of fire (350 gold, have 323).
  7550 | D:8      | 7550 ||| BUYING ring of poison resistance (280 gold).
  7550 | D:8      | Bought a ring of poison resistance for 280 gold pieces
  7582 | D:8      | 7582 ||| Stepping ~*~*~tactically~*~*~ (stealth).
  7583 | D:8      | 7583 ||| Stepping ~*~*~tactically~*~*~ (stealth).
  7619 | D:8      | Found a shimmering altar of Xom.
  7629 | D:8      | 7629 ||| Stepping ~*~*~tactically~*~*~ (hiding).
  7633 | D:8      | 7633 ||| FLEEEEING.
  7634 | D:8      | 7634 ||| FLEEEEING.
  7635 | D:8      | 7635 ||| FLEEEEING.
  7636 | D:8      | 7636 ||| FLEEEEING.
  7642 | D:8      | 7642 ||| Stepping ~*~*~tactically~*~*~ (outnumbered).
  7739 | D:8      | Found a hide-covered altar of Uskayaw.
  7740 | D:8      | 7740 ||| Stepping ~*~*~tactically~*~*~ (stealth).
  7741 | D:8      | 7741 ||| Stepping ~*~*~tactically~*~*~ (stealth).
  7747 | D:8      | 7747 ||| Stepping ~*~*~tactically~*~*~ (outnumbered).
  7748 | D:8      | 7748 ||| Stepping ~*~*~tactically~*~*~ (outnumbered).
  7749 | D:8      | 7749 ||| Stepping ~*~*~tactically~*~*~ (outnumbered).
  7752 | D:8      | 7752 ||| Stepping ~*~*~tactically~*~*~ (outnumbered).
  7753 | D:8      | 7753 ||| Stepping ~*~*~tactically~*~*~ (outnumbered).
  7754 | D:8      | 7754 ||| Stepping ~*~*~tactically~*~*~ (outnumbered).
  7853 | D:8      | Found a shimmering altar of Xom.
  7857 | D:8      | 7857 ||| Stepping ~*~*~tactically~*~*~ (hiding).
  7859 | D:8      | 7859 ||| Stepping ~*~*~tactically~*~*~ (hiding).
  7860 | D:8      | 7860 ||| Stepping ~*~*~tactically~*~*~ (hiding).
  7870 | D:8      | Found a shimmering altar of Xom.
  7871 | D:8      | Found a shimmering altar of Xom.
  7874 | D:8      | 7874 ||| Stepping ~*~*~tactically~*~*~ (hiding).
  7977 | D:8      | 7977 ||| Stepping ~*~*~tactically~*~*~ (hiding).
  8136 | D:8      | 8136 ||| Stepping ~*~*~tactically~*~*~ (stealth).
  8139 | D:8      | 8139 ||| Stepping ~*~*~tactically~*~*~ (stealth).
  8141 | D:8      | 8141 ||| Stepping ~*~*~tactically~*~*~ (stealth).
  8257 | D:8      | Reached skill level 14 in Unarmed Combat
  8259 | D:8      | 8259 ||| INVOKING Fiery Armour.
  8261 | D:8      | HP: 24/96 [orc priest/nerve-wracking pain (9)]
  8453 | D:8      | Reached skill level 6 in Fighting
  8462 | D:8      | 8462 ||| INVOKING Fiery Armour.
  8959 | D:8      | 8959 ||| PLANNING CONVERSION TO OKAWARU
  8959 | D:8      | 8959 ||| UPGRADING to ring of poison resistance.
  8961 | D:8      | 8961 ||| DROPPING potion of degeneration.
  8962 | D:8      | 8962 ||| Stepping randomly (stuck).
  8963 | D:8      | 8963 ||| Stepping randomly (stuck).
  8964 | D:8      | 8964 ||| Stepping randomly (stuck).
  8965 | D:8      | 8965 ||| Stepping randomly (stuck).
  8966 | D:8      | 8966 ||| Stepping randomly (stuck).
  8967 | D:8      | 8967 ||| Stepping randomly (stuck).
  8968 | D:8      | 8968 ||| Stepping randomly (stuck).
  8969 | D:8      | 8969 ||| Stepping randomly (stuck).
  8970 | D:8      | 8970 ||| Stepping randomly (stuck).
  8971 | D:8      | 8971 ||| Stepping randomly (stuck).
  8972 | D:8      | 8972 ||| Stepping randomly (stuck).
  8973 | D:8      | 8973 ||| Stepping randomly (stuck).
  8974 | D:8      | 8974 ||| Stepping randomly (stuck).
  8975 | D:8      | 8975 ||| Stepping randomly (stuck).
  8976 | D:8      | 8976 ||| Stepping randomly (stuck).
  8977 | D:8      | 8977 ||| Stepping randomly (stuck).
  8978 | D:8      | 8978 ||| Stepping randomly (stuck).
  8979 | D:8      | 8979 ||| Stepping randomly (stuck).
  8980 | D:8      | 8980 ||| Stepping randomly (stuck).
  8981 | D:8      | 8981 ||| Stepping randomly (stuck).
  8982 | D:8      | 8982 ||| Stepping randomly (stuck).
  8983 | D:8      | 8983 ||| Stepping randomly (stuck).
  8984 | D:8      | 8984 ||| Stepping randomly (stuck).
  8985 | D:8      | 8985 ||| Stepping randomly (stuck).
  8986 | D:8      | 8986 ||| Stepping randomly (stuck).
  8987 | D:8      | 8987 ||| Stepping randomly (stuck).
  8988 | D:8      | 8988 ||| PLANNING CONVERSION TO OKAWARU
  8988 | D:8      | 8988 ||| Stepping randomly (stuck).
  8989 | D:8      | 8989 ||| Stepping randomly (stuck).
  9105 | Temple   | Entered the Ecumenical Temple
  9150 | D:8      | 9150 ||| Stepping randomly (stuck).
  9151 | D:8      | 9151 ||| Stepping randomly (stuck).
  9152 | D:8      | 9152 ||| PLANNING CONVERSION TO OKAWARU
  9196 | D:5      | Fell from the grace of Ignis
  9196 | D:5      | Became a worshipper of Warmaster Okawaru
  9197 | D:5      | 9197 ||| PLANNING D:1-11
  9267 | D:9      | 9267 ||| Stepping ~*~*~tactically~*~*~ (outnumbered).
  9269 | D:9      | Reached XP level 11. HP: 105/105 MP: 11/11
  9269 | D:9      | 9269 ||| Stepping ~*~*~tactically~*~*~ (outnumbered).
  9270 | D:9      | 9270 ||| Stepping ~*~*~tactically~*~*~ (outnumbered).
  9271 | D:9      | 9271 ||| Stepping ~*~*~tactically~*~*~ (outnumbered).
  9272 | D:9      | 9272 ||| Stepping ~*~*~tactically~*~*~ (outnumbered).
  9273 | D:9      | 9273 ||| Stepping ~*~*~tactically~*~*~ (outnumbered).
  9310 | D:9      | You are sucked into a shaft and drop 3 floors!
  9315 | D:12     | Noticed Kirke
  9316 | D:12     | 9316 ||| Stepping ~*~*~tactically~*~*~ (stealth).
  9343 | D:12     | Killed Kirke
  9344 | D:12     | Reached skill level 6 in Throwing
  9349 | D:12     | HP: 26/105 [human (2)]
  9350 | D:12     | 9350 ||| READING scroll of teleportation.
  9449 | D:11     | HP: 12/105 [yak (16)]
  9450 | D:11     | HP: 4/105 [yak (5)]
  9451 | D:11     | Mangled by a yak

Levels and vault maps discovered:
D:1:      eino_arrival_tree_alley, layout_loops_ring, grunt_decor_resistance
D:2:      layout_loops_ring, nicolae_ecumenical_lake_church, minmay_diced_spiral
D:3:      layout_loops_ring, amethyst_overflow_temple_binary, st_stairs_4,
          nicolae_figureground_sparkle
D:4:      layout_layer_cave, trog_butcher_becter,
          nicolae_yredelemnul_corpse_copse, serial_shops, shop_statue,
          nicolae_stop_n_shop_1, nicolae_shop_advertising_works
          [nicolae_subvault_shop_adworks], nicolae_shop_behind_doors,
          nicolae_shop_trees
D:5:      lemuel_castle_with_subvaults [lemuel_castle_interior_original],
          layout_layer_cave, good_gods_mini_temple, okawaru_ov_weapons_minmay,
          serial_shops, shop, nicolae_concentric_dashed_squares_wild,
          kennysheep_path_1, kennysheep_cluttered_room, minmay_misc_feat_rows,
          uniq_edmund
D:6:      layout_layer_cave, mainiacjoe_overflow_cross_hatched, temple_hall,
          hellmonk_bongcloud_opening, due_unseen_surprise, uniq_menkaure,
          uniq_sigmund, uniq_maggie
D:7:      layout_loops_corners, cheibrodos_ashenzari_chains, marbit_many_paths,
          uniq_pikel
D:8:      minmay_polygon_palace, layout_basic, nicolae_uskayaw_dance_studio,
          xom_redecorated, serial_shops, shop, serial_co_window_serial,
          co_window_of_opportunity_a, co_window_of_opportunity_a,
          co_window_of_opportunity_a, co_window_paths_a, co_window_paths_b,
          co_window_paths_b, co_window_paths_a, co_window_cross_3,
          co_window_broadway_a, co_window_cross_2, co_window_cross_2,
          co_window_of_opportunity_b, glass_columns_c, glass_columns_a,
          serial_park_tiny_1, minmay_gold_behind_fungi, uniq_joseph
D:9:      layout_roguey, kennysheep_flooded_box, nicolae_diode_basic
D:11:     layout_rooms, erik_lair_island
D:12:     layout_grid_maze, uniq_kirke, uniq_frances
Temple:   nicolae_temple_godpark

Skill      XL: |  1  2  3  4  5  6  7  8  9 10 11 |
---------------+----------------------------------+-----
Throwing       | 1 2 3 4 5 6 |  6.2
Unarmed Combat | 4 5 6 7 8 10 12 14 | 14.1
Dodging        | 1 2 3 4 |  4.0
Fighting       | 3 4 5 6 |  6.0
Spellcasting   | |  1.0
Fire Magic     | |  2.1

Action                   |  1- 3 |  4- 6 |  7- 9 | 10-12 || total
-------------------------+-------+-------+-------+-------++-------
Melee: Unarmed           |    66 |    63 |   297 |   228 ||   654
       Punch             |       |     3 |    16 |    10 ||    29
Throw: Large rock        |    21 |    23 |    75 |    25 ||   144
       Boomerang         |       |       |    11 |       ||    11
Invok: Fiery Armour      |       |     2 |     5 |     5 ||    12
  Use: Scroll            |     4 |     2 |     9 |     8 ||    23
       Potion            |       |     1 |     3 |       ||     4
Armor: Robe              |    21 |    36 |    68 |    76 ||   201
Dodge: Dodged            |    22 |    26 |   139 |   141 ||   328

Table legend:
 A = Non-vault XP
 B = Vault XP
 C = Vault XP percentage of total XP
 D = Non-vault monster count
 E = Vault monster count
 F = Vault count percentage of total count
                 A         B        C        D         E       F
            +---------+---------+-------+---------+---------+-------
      Total |    6915 |    6267 |  47.5 |     193 |      95 |  33.0
            +---------+---------+-------+---------+---------+-------
        D:1 |      17 |       0 |   0.0 |      10 |       0 |   0.0
        D:2 |      63 |      19 |  23.2 |      19 |       3 |  13.6
        D:3 |      38 |       5 |  11.6 |      15 |       2 |  11.8
        D:4 |     570 |     131 |  18.7 |      25 |      10 |  28.6
        D:5 |     985 |     946 |  49.0 |      26 |      54 |  67.5
        D:6 |    1102 |     398 |  26.5 |      24 |       2 |   7.7
        D:7 |    1558 |     671 |  30.1 |      28 |       2 |   6.7
        D:8 |    2359 |    2096 |  47.0 |      42 |      18 |  30.0
        D:9 |      42 |       0 |   0.0 |       3 |       0 |   0.0
       D:11 |     181 |       0 |   0.0 |       1 |       0 |   0.0
       D:12 |       0 |    2001 | 100.0 |       0 |       4 | 100.0
            +---------+---------+-------+---------+---------+-------
